cohdb
Replays
Latest Replays
All Replays
Popular Replays
Top Player Replays
Match Explorer
How It Works
Community
CoH3 Stats
Reddit
Sign in to upload your games and track your stats! →
Sign in with Steam
Match 42806873
Unlisted
Match 42806873
Overview
Messages
Build Orders
End
Scout Squad
Construct Barracks
Selects Heavy Weapons
Riflemen Squad
Riflemen Squad
Grenade Package
Construct Weapon Support Center
M1919 Machine Gun Team
Riflemen Squad
Infantry Support Center
Selects Assault Carriers
M3 Assault Carrier
Selects Exchangeable Parts
M3 Assault Carrier
Selects M2HB .50cal Heavy Machine Gun
Engineer Squad
Advanced Logistics
M1918 Browning Automatic Rifles
Riflemen Squad
M3 Assault Carrier
M3 Assault Carrier
Survival Training
Construct Medical Station
M3 Assault Carrier
.30 cal Machine Gun
Selects M26 Pershing Heavy Tank
M26 Pershing Heavy Tank
JackassYO
lojkin
Joe™
Dave
0
0
Comments
sign in to comment!
No comments posted yet!